VANCOUVER vs DALLAS

Created - February-08-21 at 14:33

Goals
1 2 3 T
VANCOUVER 0 1 1 2
DALLAS 0 5 2 7
Shots
1 2 3 T
VANCOUVER 10 13 7 30
DALLAS 6 13 8 27

1st period

No Goal

Penalties :
Nazem Kadri (VAN) for Tripping (Minor) at 10:28, Evgenii Dadonov (DAL) for Cross-checking (Minor) at 14:03, Sami Vatanen (VAN) for Slashing (Minor) at 17:50

2nd period

1. DALLAS , Auston Matthews 7 (Nikita Zaitsev 6) at 0:13
2. DALLAS , Mikko Rantanen 9 (Nikita Zaitsev 7, Auston Matthews 14) at 2:30
3. DALLAS , Travis Konecny 4 (Pavel Zacha 4) at 2:51
4. DALLAS , Mikko Rantanen 10 (Jakob Chychrun 10) at 3:55 (SH)
5. DALLAS , Auston Matthews 8 (Charlie McAvoy 11, Mikko Rantanen 9) at 12:15
6. VANCOUVER , Mark Stone 4 (Ryan Ellis 15, Erik Johnson 7) at 12:53

Penalties :
Travis Konecny (DAL) for Holding (Minor) at 3:37, Timo Meier (DAL) for Boarding (Minor) at 11:40, TJ Brodie (VAN) for Diving (Minor) at 11:40

3rd period

7. DALLAS , Alex Tuch 1 (Ilya Mikheyev 4, Adam Boqvist 6) at 6:54
8. VANCOUVER , Zach Parise 5 (Nikolaj Ehlers 5, Nazem Kadri 8) at 18:27
9. DALLAS , Lawson Crouse 3 (Denis Gurianov 1, Charlie McAvoy 12) at 19:32

Penalties :
Sami Vatanen (VAN) for High sticking (Minor) at 4:24, Adam Boqvist (DAL) for Tripping (Minor) at 7:27, Sheldon Dries (VAN) for High sticking (Minor) at 10:25

Goalie Stats

Petr Mrazek (VAN), 6 saves from 7 shots - (0.857), 13:06 minutes
Hunter Miska (VAN), 14 saves from 20 shots - (0.700), L, 0-2-0, 46:54 minutes
Ben Bishop (DAL), 28 saves from 30 shots - (0.933), W, 12-6-1, 60:00 minutes

Players Stats for VANCOUVER

Player Name              G  A  P  +/- PIM S  H  SB GA TA FO     MP     PP MP  PK MP  
------------------------------------------------------------------------------------
Alex Steen               0  0  0   0  0   2  1  0  0  0  1/2    14:31   0:00   3:54 
Erik Johnson             0  1  1   1  0   1  0  1  0  0  0/0    23:53   3:00   4:20 
Hampus Lindholm          0  0  0  -6  0   4  0  4  0  0  0/0    21:14   2:57   4:02 
Jonathan Huberdeau       0  0  0  -2  0   1  1  1  0  0  7/10   21:25   3:27   2:28 
Luca Sbisa               0  0  0   0  0   0  6  0  0  0  0/0    16:10   0:00   1:01 
Mark Stone               1  0  1   0  0   9  0  0  0  0  0/0    18:14   3:27   0:00 
Melker Karlsson          0  0  0   0  0   0  0  0  0  0  1/1    10:37   0:00   0:00 
Nazem Kadri              0  1  1  -3  2   1  2  0  0  0  15/22  19:39   2:30   3:06 
Nick Schmaltz            0  0  0   0  0   3  0  0  0  0  5/9    11:28   0:00   0:51 
Nikolaj Ehlers           0  1  1  -4  0   0  1  0  0  0  0/2    15:56   2:30   0:00 
Ryan Ellis               0  1  1   1  0   3  0  1  0  0  0/0    23:05   3:00   3:22 
Sami Vatanen             0  0  0  -6  4   1  2  2  0  0  0/0    19:04   2:57   1:44 
Sheldon Dries            0  0  0   0  2   1  0  0  0  0  6/7     7:46   0:00   1:51 
TJ Brodie                0  0  0   0  2   0  0  0  0  0  0/0    16:31   0:00   1:23 
Trevor Moore             0  0  0   0  0   0  0  0  0  0  0/0     5:56   0:00   0:00 
Troy Brouwer             0  0  0   0  0   1  1  1  0  0  0/0     6:54   0:00   0:58 
Tyler Seguin             0  0  0  -2  0   0  2  0  0  0  10/20  18:57   3:27   0:00 
Zach Parise              1  0  1  -4  0   3  1  1  0  0  0/0    18:40   2:30   2:44 

Players Stats for DALLAS

Player Name              G  A  P  +/- PIM S  H  SB GA TA FO     MP     PP MP  PK MP  
------------------------------------------------------------------------------------
Adam Boqvist             0  1  1   0  2   0  3  0  0  0  0/0    14:37   0:00   0:00 
Alex Tuch                1  0  1   1  0   2  1  0  0  0  4/7    10:30   0:00   1:30 
Auston Matthews          2  1  3   3  0   3  1  0  0  0  11/29  23:15   4:37   3:40 
Brady Skjei              0  0  0   3  0   1  3  0  0  0  0/0    23:48   3:33   3:25 
Charlie McAvoy           0  2  2   3  0   2  4  7  0  0  0/0    23:50   3:35   3:25 
Denis Gurianov           0  1  1   1  0   1  0  0  0  0  0/0     9:22   0:00   0:00 
Evgenii Dadonov          0  0  0   0  2   1  2  0  0  0  0/1    17:10   3:19   1:05 
Ilya Mikheyev            0  1  1   1  0   1  0  0  0  0  1/1     9:46   0:00   0:00 
Jakob Chychrun           0  1  1   2  0   1  0  1  0  0  0/0    21:32   4:21   2:32 
Kasperi Kapanen          0  0  0   1  0   1  0  0  0  0  0/0     9:00   0:00   0:00 
Kirby Dach               0  0  0   1  0   0  1  0  0  0  3/11    9:22   0:00   0:00 
Lawson Crouse            1  0  1   1  0   1  2  1  0  0  0/0     9:34   0:00   0:12 
Mikko Rantanen           2  1  3   3  0   4  1  0  0  0  0/0    23:19   4:37   3:44 
Nikita Zaitsev           0  2  2   2  0   0  2  0  0  0  0/0    21:32   4:21   2:32 
Pavel Zacha              0  1  1   0  0   2  0  0  0  0  7/21   15:20   3:19   0:00 
Quinn Hughes             0  0  0   0  0   3  2  1  0  0  0/0    14:40   0:02   0:00 
Timo Meier               0  0  0   2  2   1  1  0  0  0  2/2    20:04   4:37   1:43 
Travis Konecny           1  0  1   0  2   3  1  0  0  0  0/1    15:19   3:19   0:00 

3 Stars

1 - Mikko Rantanen (DAL)
2 - Auston Matthews (DAL)
3 - Charlie McAvoy (DAL)

Power Play

VANCOUVER - 0 on 3 Attempt(s) - 0.00%
DALLAS - 0 on 4 Attempt(s) - 0.00%

Penalty Kill

VANCOUVER - 4 on 4 Attempt(s) - 100.00% - Score 0 goal in Penalty Kill
DALLAS - 3 on 3 Attempt(s) - 100.00% - Score 1 goal in Penalty Kill

Team Stat

VANCOUVER - Hits : 17 - Faceoff Wins : 45 - Blocked Shots : 11 - Penalty Minutes : 10
DALLAS - Hits : 24 - Faceoff Wins : 28 - Blocked Shots : 10 - Penalty Minutes : 8

Official

Referees : Dean Morton and Robert Hennessey
Linesman : Brendan Lewis and Kory Nagy

Game Notes

Petr Mrazek enters game at 6:54 of 3rd period

Finance

Level 1 -- Attendance: 4816 (80.27%) -- Ticket Income $481,600
Level 2 -- Attendance: 2799 (55.98%) -- Ticket Income $223,920
Level 3 -- Attendance: 945 (47.25%) -- Ticket Income $56,700
Level 4 -- Attendance: 2208 (55.20%) -- Ticket Income $66,240
Luxury Box -- Attendance: 1000 (100.00%) -- Ticket Income $120,000
Game was played at the American Airlines Center.
Total Attendance: 11768 (65.38%)
Total Ticket Income: $948,460
Total Income: $948,460

VANCOUVER

5 vs 5 Forward 
   Center                   Left Wing                Right Wing               Time % Phy DF OF 
 1 Tyler Seguin             Jonathan Huberdeau       Mark Stone               38     0   1  4  
 2 Nazem Kadri              Zach Parise              Nikolaj Ehlers           37     0   2  3  
 3 Nick Schmaltz            Alex Steen               Melker Karlsson          25     1   3  1  
 4 Sheldon Dries            Trevor Moore             Troy Brouwer             0      1   4  0  

5 vs 5 Defense 
   Defense                  Defense                                           Time % Phy DF OF 
 1 Ryan Ellis               Erik Johnson                                      40     0   2  3  
 2 Hampus Lindholm          Sami Vatanen                                      35     0   2  3  
 3 TJ Brodie                Luca Sbisa                                        25     1   4  0  
 4 Ryan Ellis               Erik Johnson                                      0      0   3  2  

PowerPlay Forward 
   Center                   Left Wing                Right Wing               Time % Phy DF OF 
 1 Tyler Seguin             Jonathan Huberdeau       Mark Stone               60     0   0  5  
 2 Nazem Kadri              Zach Parise              Nikolaj Ehlers           40     0   0  5  

PowerPlay Defense
   Defense                  Defense                                           Time % Phy DF OF 
 1 Ryan Ellis               Erik Johnson                                      60     1   0  4  
 2 Hampus Lindholm          Sami Vatanen                                      40     1   0  4  

Penalty Kill 4 Players Forward 
   Center                   Wing                     Time % Phy DF OF 
 1 Nazem Kadri              Alex Steen               60     1   4  0  
 2 Sheldon Dries            Zach Parise              40     1   4  0  

Penalty Kill 4 Players Defense
   Defense                  Defense                  Time % Phy DF OF 
 1 Ryan Ellis               Erik Johnson             60     1   4  0  
 2 Hampus Lindholm          Sami Vatanen             40     1   4  0  

Penalty Kill - 3 Players Forward 
   Forward                                           Time % Phy DF OF 
 1 Nazem Kadri                                       60     1   2  2  
 2 Tyler Seguin                                      40     1   2  2  

Penalty Kill - 3 Players Defense
   Defense                  Defense                  Time % Phy DF OF 
 1 Ryan Ellis               Erik Johnson             60     1   2  2  
 2 Hampus Lindholm          Sami Vatanen             40     1   2  2  

4 vs 4 Forward 
   Center                   Wing                     Time % Phy DF OF 
 1 Tyler Seguin             Jonathan Huberdeau       60     0   1  4  
 2 Nazem Kadri              Mark Stone               40     0   1  4  

4 vs 4 Defense
   Defense                  Defense                  Time % Phy DF OF 
 1 Ryan Ellis               Erik Johnson             60     1   2  2  
 2 Hampus Lindholm          Sami Vatanen             40     1   2  2  

Last Minutes Offensive
   Center                   Left Wing                Right Wing               Defense                  Defense                  
   Tyler Seguin             Jonathan Huberdeau       Mark Stone               Ryan Ellis               Sami Vatanen             

Last Minutes Defensive
   Center                   Left Wing                Right Wing               Defense                  Defense                  
   Tyler Seguin             Jonathan Huberdeau       Mark Stone               Ryan Ellis               Erik Johnson             

Goaltenders
Starting : Hunter Miska             
Backup : Petr Mrazek              

Extra Forwards
Normal : Zach Parise, Jonathan Huberdeau, Mark Stone - PP : Nazem Kadri, Tyler Seguin - PK : Jonathan Huberdeau
Extra Defensemen
Normal : TJ Brodie, Ryan Ellis, Hampus Lindholm - PP : TJ Brodie - PK : TJ Brodie, Luca Sbisa
Penalty Shots
Mark Stone, Tyler Seguin, Jonathan Huberdeau, Zach Parise, Nikolaj Ehlers

Scratches
None

DALLAS

5 vs 5 Forward 
   Center                   Left Wing                Right Wing               Time % Phy DF OF 
 1 Auston Matthews          Mikko Rantanen           Timo Meier               35     1   2  2  
 2 Pavel Zacha              Evgenii Dadonov          Travis Konecny           30     1   2  2  
 3 Alex Tuch                Kasperi Kapanen          Ilya Mikheyev            25     1   2  2  
 4 Kirby Dach               Lawson Crouse            Denis Gurianov           10     1   2  2  

5 vs 5 Defense 
   Defense                  Defense                                           Time % Phy DF OF 
 1 Charlie McAvoy           Brady Skjei                                       35     1   2  2  
 2 Nikita Zaitsev           Jakob Chychrun                                    30     1   2  2  
 3 Quinn Hughes             Adam Boqvist                                      25     1   2  2  
 4 Charlie McAvoy           Brady Skjei                                       10     1   2  2  

PowerPlay Forward 
   Center                   Left Wing                Right Wing               Time % Phy DF OF 
 1 Auston Matthews          Mikko Rantanen           Timo Meier               60     1   2  2  
 2 Pavel Zacha              Evgenii Dadonov          Travis Konecny           40     1   2  2  

PowerPlay Defense
   Defense                  Defense                                           Time % Phy DF OF 
 1 Charlie McAvoy           Brady Skjei                                       60     1   2  2  
 2 Nikita Zaitsev           Jakob Chychrun                                    40     1   2  2  

Penalty Kill 4 Players Forward 
   Center                   Wing                     Time % Phy DF OF 
 1 Auston Matthews          Mikko Rantanen           60     1   2  2  
 2 Timo Meier               Evgenii Dadonov          40     1   2  2  

Penalty Kill 4 Players Defense
   Defense                  Defense                  Time % Phy DF OF 
 1 Charlie McAvoy           Brady Skjei              60     1   2  2  
 2 Nikita Zaitsev           Jakob Chychrun           40     1   2  2  

Penalty Kill - 3 Players Forward 
   Forward                                           Time % Phy DF OF 
 1 Auston Matthews                                   60     1   2  2  
 2 Mikko Rantanen                                    40     1   2  2  

Penalty Kill - 3 Players Defense
   Defense                  Defense                  Time % Phy DF OF 
 1 Charlie McAvoy           Brady Skjei              60     1   2  2  
 2 Nikita Zaitsev           Jakob Chychrun           40     1   2  2  

4 vs 4 Forward 
   Center                   Wing                     Time % Phy DF OF 
 1 Auston Matthews          Mikko Rantanen           60     1   2  2  
 2 Timo Meier               Evgenii Dadonov          40     1   2  2  

4 vs 4 Defense
   Defense                  Defense                  Time % Phy DF OF 
 1 Charlie McAvoy           Brady Skjei              60     1   2  2  
 2 Nikita Zaitsev           Jakob Chychrun           40     1   2  2  

Last Minutes Offensive
   Center                   Left Wing                Right Wing               Defense                  Defense                  
   Auston Matthews          Mikko Rantanen           Timo Meier               Charlie McAvoy           Brady Skjei              

Last Minutes Defensive
   Center                   Left Wing                Right Wing               Defense                  Defense                  
   Auston Matthews          Mikko Rantanen           Timo Meier               Charlie McAvoy           Brady Skjei              

Goaltenders
Starting : Ben Bishop               
Backup : Ilya Samsonov            

Extra Forwards
Normal : Ilya Mikheyev, Kasperi Kapanen, Alex Tuch - PP : Ilya Mikheyev, Kasperi Kapanen - PK : Alex Tuch
Extra Defensemen
Normal : Quinn Hughes, Adam Boqvist, Nikita Zaitsev - PP : Quinn Hughes - PK : Adam Boqvist, Nikita Zaitsev
Penalty Shots
Auston Matthews, Mikko Rantanen, Timo Meier, Evgenii Dadonov, Travis Konecny

Scratches
Jason Spezza (Healthy), Vladimir Sobotka (Healthy)

% Time on Ice - VANCOUVER

Lines # - Real PCT - Wanted PCT - Time Play
Normal Forward
1 - 32% - 38% - 14:09
2 - 30% - 37% - 13:26
3 - 24% - 25% - 10:37
4 - 13% - 0% - 5:56
Normal Defense
1 - 36% - 40% - 15:55
2 - 30% - 35% - 13:04
3 - 34% - 25% - 15:09
4 - 0% - 0% - 0:00
PP Forward
1 - 58% - 60% - 3:27
2 - 42% - 40% - 2:30
PP Defense
1 - 50% - 60% - 3:00
2 - 50% - 40% - 2:57
PK Forward
1 - 66% - 60% - 5:12
2 - 34% - 40% - 2:44
PK Defense
1 - 42% - 60% - 3:22
2 - 58% - 40% - 4:34
PK3 Forward
1 - 0% - 60%
2 - 0% - 40%
PK3 Defense
1 - 0% - 60%
2 - 0% - 40%
44 Forward
1 - 68% - 60% - 1:21
2 - 32% - 40% - 0:38
44 Defense
1 - 32% - 60% - 0:38
2 - 68% - 40% - 1:21
Last Minute Offensive  - 0:00
Last Minute Defensive  - 0:00
Total
Forward - 60:00
Defense - 60:00

% Time on Ice - DALLAS

Lines # - Real PCT - Wanted PCT - Time Play
Normal Forward
1 - 31% - 35% - 13:45
2 - 27% - 30% - 12:01
3 - 20% - 25% - 9:00
4 - 21% - 10% - 9:22
Normal Defense
1 - 33% - 35% - 14:36
2 - 32% - 30% - 14:01
3 - 33% - 25% - 14:38
4 - 2% - 10% - 0:53
PP Forward
1 - 58% - 60% - 4:37
2 - 42% - 40% - 3:19
PP Defense
1 - 45% - 60% - 3:35
2 - 55% - 40% - 4:21
PK Forward
1 - 71% - 60% - 4:14
2 - 29% - 40% - 1:43
PK Defense
1 - 57% - 60% - 3:25
2 - 43% - 40% - 2:32
PK3 Forward
1 - 0% - 60%
2 - 0% - 40%
PK3 Defense
1 - 0% - 60%
2 - 0% - 40%
44 Forward
1 - 61% - 60% - 1:13
2 - 39% - 40% - 0:46
44 Defense
1 - 68% - 60% - 1:21
2 - 32% - 40% - 0:38
Last Minute Offensive  - 0:00
Last Minute Defensive  - 0:00
Total
Forward - 60:00
Defense - 60:00

Play-by-Play

1st period


0:01 of 1st period - Auston Matthews wins face-off versus Tyler Seguin in neutral zone.
1:27 of 1st period - Icing by Jonathan Huberdeau.
1:28 of 1st period - Alex Tuch wins face-off versus Tyler Seguin in VANCOUVER zone.
1:59 of 1st period - Shot by Ilya Mikheyev.
1:59 of 1st period - Shot Hit the Post.
2:31 of 1st period - Shot by Sami Vatanen.
2:31 of 1st period - Shot Blocked by Quinn Hughes.
2:58 of 1st period - Off-side.
2:59 of 1st period - Melker Karlsson wins face-off versus Pavel Zacha in neutral zone.
3:13 of 1st period - Shot by Nick Schmaltz.
3:13 of 1st period - Stopped by Ben Bishop without a rebound.
3:14 of 1st period - Sheldon Dries wins face-off versus Kirby Dach in DALLAS zone.
3:14 of 1st period - Sheldon Dries is hit by Brady Skjei.
3:26 of 1st period - Shot by Trevor Moore.
3:26 of 1st period - Shot Blocked by Charlie McAvoy.
3:59 of 1st period - Brady Skjei is hit by Alex Steen and loses puck.
4:21 of 1st period - Shot by Travis Konecny.
4:21 of 1st period - Stopped by Hunter Miska without a rebound.
4:22 of 1st period - Auston Matthews wins face-off versus Nikolaj Ehlers in VANCOUVER zone.
4:49 of 1st period - Shot by Nazem Kadri.
4:49 of 1st period - Shot Misses the Net.
5:02 of 1st period - Nazem Kadri is hit by Nikita Zaitsev and loses puck.
5:39 of 1st period - Shot by Quinn Hughes.
5:39 of 1st period - Stopped by Hunter Miska with a rebound.
5:43 of 1st period - Shot by Evgenii Dadonov.
5:43 of 1st period - Shot Blocked by Sami Vatanen.
5:45 of 1st period - Shot by Pavel Zacha.
5:45 of 1st period - Shot Misses the Net.
5:51 of 1st period - Shot by Evgenii Dadonov.
5:51 of 1st period - Shot Misses the Net.
6:23 of 1st period - Ilya Mikheyev is hit by Luca Sbisa and loses puck.
6:52 of 1st period - Icing by Nikita Zaitsev.
6:53 of 1st period - Tyler Seguin wins face-off versus Kirby Dach in DALLAS zone.
6:56 of 1st period - Shot by Mark Stone.
6:56 of 1st period - Stopped by Ben Bishop without a rebound.
6:57 of 1st period - Auston Matthews wins face-off versus Tyler Seguin in DALLAS zone.
7:04 of 1st period - Timo Meier is hit by Tyler Seguin and loses puck.
7:35 of 1st period - Shot by Jonathan Huberdeau.
7:35 of 1st period - Shot Misses the Net.
7:37 of 1st period - Shot by Ryan Ellis.
7:37 of 1st period - Stopped by Ben Bishop with a rebound.
7:39 of 1st period - Shot by Mark Stone.
7:39 of 1st period - Stopped by Ben Bishop without a rebound.
7:40 of 1st period - Sheldon Dries wins face-off versus Pavel Zacha in DALLAS zone.
7:43 of 1st period - Shot by Troy Brouwer.
7:43 of 1st period - Stopped by Ben Bishop with a rebound.
7:45 of 1st period - Shot by Troy Brouwer.
7:45 of 1st period - Shot Blocked by Charlie McAvoy.
7:47 of 1st period - Shot by Trevor Moore.
7:47 of 1st period - Shot Blocked by Charlie McAvoy.
7:49 of 1st period - Shot by TJ Brodie.
7:49 of 1st period - Shot Blocked by Charlie McAvoy.
7:51 of 1st period - Shot by Sheldon Dries.
7:51 of 1st period - Shot Misses the Net.
7:53 of 1st period - Shot by TJ Brodie.
7:53 of 1st period - Shot Misses the Net.
10:28 of 1st period - Minor Penalty to Nazem Kadri for Tripping.
10:29 of 1st period - Jonathan Huberdeau wins face-off versus Pavel Zacha in VANCOUVER zone.
10:29 of 1st period - Jonathan Huberdeau is hit by Evgenii Dadonov.
10:43 of 1st period - Shot by Travis Konecny.
10:43 of 1st period - Deflect By Pavel Zacha.
10:43 of 1st period - Stopped by Hunter Miska without a rebound.
10:44 of 1st period - Pavel Zacha wins face-off versus Alex Steen in VANCOUVER zone.
10:45 of 1st period - Shot by Brady Skjei.
10:45 of 1st period - Stopped by Hunter Miska without a rebound.
10:46 of 1st period - Jonathan Huberdeau wins face-off versus Auston Matthews in VANCOUVER zone.
11:26 of 1st period - Icing by Charlie McAvoy.
11:27 of 1st period - Jonathan Huberdeau wins face-off versus Auston Matthews in DALLAS zone.
11:35 of 1st period - Off-side.
11:36 of 1st period - Jonathan Huberdeau wins face-off versus Travis Konecny in neutral zone.
11:43 of 1st period - Icing by Nikita Zaitsev.
11:44 of 1st period - Alex Steen wins face-off versus Pavel Zacha in DALLAS zone.
11:45 of 1st period - Shot by Jonathan Huberdeau.
11:45 of 1st period - Stopped by Ben Bishop without a rebound.
11:46 of 1st period - Pavel Zacha wins face-off versus Jonathan Huberdeau in DALLAS zone.
11:55 of 1st period - Shot by Jakob Chychrun.
11:55 of 1st period - Shot Blocked by Jonathan Huberdeau.
12:09 of 1st period - Zach Parise is hit by Evgenii Dadonov and loses puck.
12:22 of 1st period - Shot by Pavel Zacha.
12:22 of 1st period - Shot Blocked by Troy Brouwer.
12:24 of 1st period - Shot by Jakob Chychrun.
12:24 of 1st period - Shot Blocked by Erik Johnson.
12:26 of 1st period - Shot by Travis Konecny.
12:26 of 1st period - Shot Misses the Net.
12:52 of 1st period - Shot by Zach Parise.
12:52 of 1st period - Shot Misses the Net.
13:37 of 1st period - Icing by Tyler Seguin.
13:38 of 1st period - Tyler Seguin wins face-off versus Kirby Dach in VANCOUVER zone.
13:49 of 1st period - Shot by Mark Stone.
13:49 of 1st period - Stopped by Ben Bishop without a rebound.
13:50 of 1st period - Nick Schmaltz wins face-off versus Pavel Zacha in DALLAS zone.
13:50 of 1st period - Nick Schmaltz is hit by Nikita Zaitsev.
13:54 of 1st period - Shot by Hampus Lindholm.
13:54 of 1st period - Stopped by Ben Bishop without a rebound.
13:55 of 1st period - Pavel Zacha wins face-off versus Tyler Seguin in DALLAS zone.
14:03 of 1st period - Minor Penalty to Evgenii Dadonov for Cross-checking.
14:04 of 1st period - Tyler Seguin wins face-off versus Auston Matthews in DALLAS zone.
14:05 of 1st period - Shot by Jonathan Huberdeau.
14:05 of 1st period - Shot Blocked by Charlie McAvoy.
14:07 of 1st period - Shot by Mark Stone.
14:07 of 1st period - Stopped by Ben Bishop without a rebound.
14:08 of 1st period - Auston Matthews wins face-off versus Tyler Seguin in DALLAS zone.
15:08 of 1st period - Shot by Hampus Lindholm.
15:08 of 1st period - Shot Blocked by Jakob Chychrun.
15:10 of 1st period - Shot by Hampus Lindholm.
15:10 of 1st period - Stopped by Ben Bishop without a rebound.
15:11 of 1st period - Timo Meier wins face-off versus Nazem Kadri in DALLAS zone.
16:34 of 1st period - Shot by Quinn Hughes.
16:34 of 1st period - Stopped by Hunter Miska with a rebound.
17:29 of 1st period - Tyler Seguin is hit by Charlie McAvoy.
17:50 of 1st period - Minor Penalty to Sami Vatanen for Slashing.
17:51 of 1st period - Nazem Kadri wins face-off versus Auston Matthews in VANCOUVER zone.
18:00 of 1st period - Shot by Jakob Chychrun.
18:00 of 1st period - Shot Misses the Net.
18:55 of 1st period - Shot by Travis Konecny.
18:55 of 1st period - Shot Misses the Net.
18:57 of 1st period - Shot by Brady Skjei.
18:57 of 1st period - Shot Blocked by Zach Parise.
18:59 of 1st period - Shot by Charlie McAvoy.
18:59 of 1st period - Stopped by Hunter Miska with a rebound.
Goals for this period are 0 for VANCOUVER vs 0 for DALLAS.
Shots for this period are 10 for VANCOUVER vs 6 for DALLAS.

2nd period


0:01 of 2nd period - Nazem Kadri wins face-off versus Auston Matthews in neutral zone.
0:04 of 2nd period - Timo Meier is hit by Nazem Kadri and loses puck.
0:13 of 2nd period - Shot by Auston Matthews.
0:13 of 2nd period - Goal by Auston Matthews - VANCOUVER : 0 - DALLAS : 1.
0:14 of 2nd period - Pavel Zacha wins face-off versus Tyler Seguin in neutral zone.
0:35 of 2nd period - Shot by Pavel Zacha.
0:35 of 2nd period - Stopped by Hunter Miska with a rebound.
0:55 of 2nd period - Shot by Evgenii Dadonov.
0:55 of 2nd period - Stopped by Hunter Miska without a rebound.
0:56 of 2nd period - Nazem Kadri wins face-off versus Auston Matthews in VANCOUVER zone.
0:56 of 2nd period - Hampus Lindholm is hit by Auston Matthews and loses puck.
1:10 of 2nd period - Jakob Chychrun is hit by Nazem Kadri and loses puck.
1:15 of 2nd period - Shot by Zach Parise.
1:15 of 2nd period - Stopped by Ben Bishop without a rebound.
1:16 of 2nd period - Alex Tuch wins face-off versus Nick Schmaltz in DALLAS zone.
2:22 of 2nd period - Shot by Auston Matthews.
2:22 of 2nd period - Stopped by Hunter Miska with a rebound.
2:30 of 2nd period - Shot by Mikko Rantanen.
2:30 of 2nd period - Goal by Mikko Rantanen - VANCOUVER : 0 - DALLAS : 2.
2:31 of 2nd period - Jonathan Huberdeau wins face-off versus Pavel Zacha in neutral zone.
2:41 of 2nd period - Icing by Pavel Zacha.
2:42 of 2nd period - Nazem Kadri wins face-off versus Evgenii Dadonov in DALLAS zone.
2:42 of 2nd period - Hampus Lindholm is hit by Brady Skjei and loses puck.
2:51 of 2nd period - Shot by Travis Konecny.
2:51 of 2nd period - Goal by Travis Konecny - VANCOUVER : 0 - DALLAS : 3.
2:52 of 2nd period - Auston Matthews wins face-off versus Tyler Seguin in neutral zone.
2:52 of 2nd period - Jakob Chychrun is hit by Tyler Seguin and loses puck.
3:24 of 2nd period - Icing by Erik Johnson.
3:25 of 2nd period - Tyler Seguin wins face-off versus Pavel Zacha in VANCOUVER zone.
3:25 of 2nd period - Tyler Seguin is hit by Travis Konecny.
3:37 of 2nd period - Minor Penalty to Travis Konecny for Holding.
3:38 of 2nd period - Nazem Kadri wins face-off versus Auston Matthews in DALLAS zone.
3:53 of 2nd period - Shot by Mikko Rantanen.
3:53 of 2nd period - Stopped by Hunter Miska with a rebound.
3:55 of 2nd period - Shot by Mikko Rantanen.
3:55 of 2nd period - Goal by Mikko Rantanen - VANCOUVER : 0 - DALLAS : 4.
3:56 of 2nd period - Tyler Seguin wins face-off versus Auston Matthews in neutral zone.
4:07 of 2nd period - Shot by Ryan Ellis.
4:07 of 2nd period - Stopped by Ben Bishop without a rebound.
4:08 of 2nd period - Nazem Kadri wins face-off versus Auston Matthews in DALLAS zone.
4:15 of 2nd period - Shot by Nikolaj Ehlers.
4:15 of 2nd period - Shot Misses the Net.
4:17 of 2nd period - Shot by Hampus Lindholm.
4:17 of 2nd period - Stopped by Ben Bishop without a rebound.
4:18 of 2nd period - Tyler Seguin wins face-off versus Auston Matthews in DALLAS zone.
5:01 of 2nd period - Jakob Chychrun is hit by Jonathan Huberdeau and loses puck.
5:43 of 2nd period - Nazem Kadri is hit by Adam Boqvist and loses puck.
5:58 of 2nd period - Shot by Nick Schmaltz.
5:58 of 2nd period - Stopped by Ben Bishop without a rebound.
5:59 of 2nd period - Sheldon Dries wins face-off versus Pavel Zacha in DALLAS zone.
6:19 of 2nd period - Shot by Travis Konecny.
6:19 of 2nd period - Stopped by Hunter Miska without a rebound.
6:20 of 2nd period - Kirby Dach wins face-off versus Nikolaj Ehlers in VANCOUVER zone.
6:30 of 2nd period - Zach Parise is hit by Charlie McAvoy and loses puck.
6:57 of 2nd period - Nikolaj Ehlers is hit by Brady Skjei and loses puck.
7:08 of 2nd period - Brady Skjei is hit by Nikolaj Ehlers and loses puck.
7:14 of 2nd period - Charlie McAvoy is hit by Luca Sbisa and loses puck.
8:02 of 2nd period - Icing by Nikita Zaitsev.
8:03 of 2nd period - Auston Matthews wins face-off versus Nick Schmaltz in DALLAS zone.
8:57 of 2nd period - Shot by Sheldon Dries.
8:57 of 2nd period - Stopped by Ben Bishop without a rebound.
8:58 of 2nd period - Tyler Seguin wins face-off versus Pavel Zacha in DALLAS zone.
9:01 of 2nd period - Shot by Mark Stone.
9:01 of 2nd period - Stopped by Ben Bishop without a rebound.
9:02 of 2nd period - Tyler Seguin wins face-off versus Pavel Zacha in DALLAS zone.
9:09 of 2nd period - Shot by Mark Stone.
9:09 of 2nd period - Stopped by Ben Bishop with a rebound.
9:11 of 2nd period - Shot by Mark Stone.
9:11 of 2nd period - Shot Blocked by Charlie McAvoy.
9:13 of 2nd period - Shot by Sami Vatanen.
9:13 of 2nd period - Stopped by Ben Bishop without a rebound.
9:14 of 2nd period - Alex Tuch wins face-off versus Nazem Kadri in DALLAS zone.
9:14 of 2nd period - Alex Tuch is hit by Zach Parise.
10:47 of 2nd period - Icing by Jonathan Huberdeau.
10:48 of 2nd period - Kirby Dach wins face-off versus Jonathan Huberdeau in VANCOUVER zone.
11:22 of 2nd period - Shot by Alex Steen.
11:22 of 2nd period - Stopped by Ben Bishop without a rebound.
11:23 of 2nd period - Auston Matthews wins face-off versus Sheldon Dries in DALLAS zone.
11:23 of 2nd period - Auston Matthews is hit by Troy Brouwer.
11:32 of 2nd period - Auston Matthews is hit by Luca Sbisa and loses puck.
11:39 of 2nd period - Shot by Quinn Hughes.
11:39 of 2nd period - Stopped by Hunter Miska with a rebound.
11:40 of 2nd period - Minor Penalty to Timo Meier for Boarding.
11:40 of 2nd period - Minor Penalty to TJ Brodie for Diving.
11:41 of 2nd period - Jonathan Huberdeau wins face-off versus Auston Matthews in VANCOUVER zone.
11:41 of 2nd period - Jonathan Huberdeau is hit by Mikko Rantanen.
12:15 of 2nd period - Shot by Auston Matthews.
12:15 of 2nd period - Goal by Auston Matthews - VANCOUVER : 0 - DALLAS : 5.
12:16 of 2nd period - Nazem Kadri wins face-off versus Auston Matthews in neutral zone.
12:41 of 2nd period - Shot by Mark Stone.
12:41 of 2nd period - Shot Misses the Net.
12:53 of 2nd period - Shot by Mark Stone.
12:53 of 2nd period - Goal by Mark Stone - VANCOUVER : 1 - DALLAS : 5.
12:54 of 2nd period - Ilya Mikheyev wins face-off versus Tyler Seguin in neutral zone.
13:20 of 2nd period - Shot by Evgenii Dadonov.
13:20 of 2nd period - Shot Misses the Net.
13:22 of 2nd period - Shot by Brady Skjei.
13:22 of 2nd period - Shot Misses the Net.
13:24 of 2nd period - Shot by Charlie McAvoy.
13:24 of 2nd period - Shot Blocked by Hampus Lindholm.
13:26 of 2nd period - Shot by Ilya Mikheyev.
13:26 of 2nd period - Deflect By Evgenii Dadonov.
13:26 of 2nd period - Shot Misses the Net.
13:48 of 2nd period - Nick Schmaltz is hit by Quinn Hughes and loses puck.
13:57 of 2nd period - Shot by Alex Steen.
13:57 of 2nd period - Shot Misses the Net.
14:35 of 2nd period - Travis Konecny is hit by Luca Sbisa and loses puck.
14:39 of 2nd period - Icing by TJ Brodie.
14:40 of 2nd period - Auston Matthews wins face-off versus Nick Schmaltz in VANCOUVER zone.
16:06 of 2nd period - Nikolaj Ehlers is hit by Alex Tuch.
16:32 of 2nd period - Icing by Ryan Ellis.
16:33 of 2nd period - Kirby Dach wins face-off versus Nazem Kadri in VANCOUVER zone.
17:00 of 2nd period - Shot by Denis Gurianov.
17:00 of 2nd period - Shot Misses the Net.
17:04 of 2nd period - Shot by Jakob Chychrun.
17:04 of 2nd period - Stopped by Hunter Miska with a rebound.
17:30 of 2nd period - Shot by Evgenii Dadonov.
17:30 of 2nd period - Shot Blocked by Hampus Lindholm.
17:55 of 2nd period - Sheldon Dries is hit by Adam Boqvist and loses puck.
17:59 of 2nd period - Sheldon Dries is hit by Adam Boqvist and loses puck.
18:09 of 2nd period - Troy Brouwer is hit by Quinn Hughes and loses puck.
18:24 of 2nd period - Shot by Zach Parise.
18:24 of 2nd period - Stopped by Ben Bishop without a rebound.
18:25 of 2nd period - Jonathan Huberdeau wins face-off versus Auston Matthews in DALLAS zone.
18:34 of 2nd period - Shot by Hampus Lindholm.
18:34 of 2nd period - Stopped by Ben Bishop with a rebound.
19:39 of 2nd period - Shot by Kasperi Kapanen.
19:39 of 2nd period - Stopped by Hunter Miska without a rebound.
19:40 of 2nd period - Nazem Kadri wins face-off versus Kirby Dach in VANCOUVER zone.
19:57 of 2nd period - Shot by Ryan Ellis.
19:57 of 2nd period - Stopped by Ben Bishop without a rebound.
19:58 of 2nd period - Nick Schmaltz wins face-off versus Alex Tuch in DALLAS zone.
Goals for this period are 1 for VANCOUVER vs 5 for DALLAS.
Shots for this period are 13 for VANCOUVER vs 13 for DALLAS.

3rd period


0:01 of 3rd period - Auston Matthews wins face-off versus Nazem Kadri in neutral zone.
0:56 of 3rd period - Tyler Seguin is hit by Timo Meier and loses puck.
1:41 of 3rd period - Shot by Nick Schmaltz.
1:41 of 3rd period - Stopped by Ben Bishop without a rebound.
1:42 of 3rd period - Sheldon Dries wins face-off versus Pavel Zacha in DALLAS zone.
2:36 of 3rd period - Icing by Ryan Ellis.
2:37 of 3rd period - Alex Tuch wins face-off versus Nazem Kadri in VANCOUVER zone.
2:38 of 3rd period - Shot by Kasperi Kapanen.
2:38 of 3rd period - Shot Blocked by Ryan Ellis.
2:47 of 3rd period - Icing by Ryan Ellis.
2:48 of 3rd period - Nazem Kadri wins face-off versus Kirby Dach in VANCOUVER zone.
2:48 of 3rd period - Nazem Kadri is hit by Lawson Crouse.
3:41 of 3rd period - Shot by Mark Stone.
3:41 of 3rd period - Stopped by Ben Bishop without a rebound.
3:42 of 3rd period - Nick Schmaltz wins face-off versus Pavel Zacha in DALLAS zone.
3:45 of 3rd period - Shot by Alex Steen.
3:45 of 3rd period - Stopped by Ben Bishop without a rebound.
3:46 of 3rd period - Pavel Zacha wins face-off versus Tyler Seguin in DALLAS zone.
4:24 of 3rd period - Minor Penalty to Sami Vatanen for High sticking.
4:25 of 3rd period - Auston Matthews wins face-off versus Nazem Kadri in VANCOUVER zone.
4:46 of 3rd period - Shot by Auston Matthews.
4:46 of 3rd period - Shot Misses the Net.
5:31 of 3rd period - Shot by Pavel Zacha.
5:31 of 3rd period - Shot Misses the Net.
6:52 of 3rd period - Shot by Ilya Mikheyev.
6:52 of 3rd period - Shot Misses the Net.
6:54 of 3rd period - Shot by Alex Tuch.
6:54 of 3rd period - Goal by Alex Tuch - VANCOUVER : 1 - DALLAS : 6.
6:54 of 3rd period - Petr Mrazek enters game.
6:55 of 3rd period - Sheldon Dries wins face-off versus Kirby Dach in neutral zone.
6:55 of 3rd period - Sheldon Dries is hit by Kirby Dach.
7:22 of 3rd period - Shot by Denis Gurianov.
7:22 of 3rd period - Stopped by Petr Mrazek without a rebound.
7:23 of 3rd period - Nazem Kadri wins face-off versus Pavel Zacha in VANCOUVER zone.
7:27 of 3rd period - Minor Penalty to Adam Boqvist for Tripping.
7:28 of 3rd period - Auston Matthews wins face-off versus Tyler Seguin in DALLAS zone.
7:51 of 3rd period - Shot by Mikko Rantanen.
7:51 of 3rd period - Deflect By Auston Matthews.
7:51 of 3rd period - Shot Misses the Net.
8:25 of 3rd period - Ryan Ellis is hit by Charlie McAvoy and loses puck.
9:40 of 3rd period - Icing by Luca Sbisa.
9:41 of 3rd period - Pavel Zacha wins face-off versus Nick Schmaltz in VANCOUVER zone.
9:41 of 3rd period - Pavel Zacha is hit by Luca Sbisa.
10:25 of 3rd period - Minor Penalty to Sheldon Dries for High sticking.
10:26 of 3rd period - Nazem Kadri wins face-off versus Auston Matthews in VANCOUVER zone.
11:42 of 3rd period - Shot by Charlie McAvoy.
11:42 of 3rd period - Stopped by Petr Mrazek without a rebound.
11:43 of 3rd period - Timo Meier wins face-off versus Nazem Kadri in VANCOUVER zone.
11:43 of 3rd period - Auston Matthews is hit by Sami Vatanen and loses puck.
11:46 of 3rd period - Shot by Brady Skjei.
11:46 of 3rd period - Shot Misses the Net.
11:48 of 3rd period - Shot by Charlie McAvoy.
11:48 of 3rd period - Shot Blocked by Hampus Lindholm.
11:50 of 3rd period - Shot by Mikko Rantanen.
11:50 of 3rd period - Shot Blocked by Hampus Lindholm.
11:52 of 3rd period - Shot by Timo Meier.
11:52 of 3rd period - Stopped by Petr Mrazek with a rebound.
11:54 of 3rd period - Shot by Auston Matthews.
11:54 of 3rd period - Shot Blocked by Sami Vatanen.
12:00 of 3rd period - Shot by Mikko Rantanen.
12:00 of 3rd period - Stopped by Petr Mrazek without a rebound.
12:01 of 3rd period - Pavel Zacha wins face-off versus Jonathan Huberdeau in VANCOUVER zone.
13:01 of 3rd period - Icing by Adam Boqvist.
13:02 of 3rd period - Tyler Seguin wins face-off versus Alex Tuch in DALLAS zone.
13:08 of 3rd period - Off-side.
13:09 of 3rd period - Nazem Kadri wins face-off versus Auston Matthews in neutral zone.
13:11 of 3rd period - Nikolaj Ehlers is hit by Charlie McAvoy and loses puck.
13:16 of 3rd period - Shot by Nazem Kadri.
13:16 of 3rd period - Stopped by Ben Bishop without a rebound.
13:17 of 3rd period - Nazem Kadri wins face-off versus Auston Matthews in DALLAS zone.
13:18 of 3rd period - Shot by Zach Parise.
13:18 of 3rd period - Shot Misses the Net.
13:24 of 3rd period - Shot by Zach Parise.
13:24 of 3rd period - Shot Blocked by Charlie McAvoy.
15:02 of 3rd period - Shot by Mark Stone.
15:02 of 3rd period - Stopped by Ben Bishop with a rebound.
15:16 of 3rd period - Shot by Kasperi Kapanen.
15:16 of 3rd period - Shot Misses the Net.
15:22 of 3rd period - Shot by Alex Tuch.
15:22 of 3rd period - Stopped by Petr Mrazek without a rebound.
15:23 of 3rd period - Nick Schmaltz wins face-off versus Kirby Dach in VANCOUVER zone.
15:38 of 3rd period - Shot by Melker Karlsson.
15:38 of 3rd period - Deflect By Alex Steen.
15:38 of 3rd period - Shot Blocked by Lawson Crouse.
16:07 of 3rd period - Charlie McAvoy is hit by Luca Sbisa.
16:49 of 3rd period - Shot by Jonathan Huberdeau.
16:49 of 3rd period - Shot Misses the Net.
17:27 of 3rd period - Off-side.
17:28 of 3rd period - Sheldon Dries wins face-off versus Pavel Zacha in neutral zone.
17:43 of 3rd period - Shot by Sheldon Dries.
17:43 of 3rd period - Shot Misses the Net.
17:45 of 3rd period - Shot by Erik Johnson.
17:45 of 3rd period - Deflect By Trevor Moore.
17:45 of 3rd period - Shot Misses the Net.
17:47 of 3rd period - Shot by Erik Johnson.
17:47 of 3rd period - Stopped by Ben Bishop with a rebound.
18:25 of 3rd period - Shot by Zach Parise.
18:25 of 3rd period - Shot Misses the Net.
18:27 of 3rd period - Shot by Zach Parise.
18:27 of 3rd period - Goal by Zach Parise - VANCOUVER : 2 - DALLAS : 6.
18:28 of 3rd period - Nick Schmaltz wins face-off versus Alex Tuch in neutral zone.
18:39 of 3rd period - Shot by Alex Steen.
18:39 of 3rd period - Shot Misses the Net.
18:53 of 3rd period - Shot by Ilya Mikheyev.
18:53 of 3rd period - Stopped by Petr Mrazek without a rebound.
18:54 of 3rd period - Nazem Kadri wins face-off versus Auston Matthews in VANCOUVER zone.
19:04 of 3rd period - Icing by Hampus Lindholm.
19:05 of 3rd period - Nazem Kadri wins face-off versus Kirby Dach in VANCOUVER zone.
19:05 of 3rd period - Nazem Kadri is hit by Lawson Crouse.
19:17 of 3rd period - Lawson Crouse is hit by Sami Vatanen and loses puck.
19:30 of 3rd period - Shot by Denis Gurianov.
19:30 of 3rd period - Shot Misses the Net.
19:32 of 3rd period - Shot by Lawson Crouse.
19:32 of 3rd period - Goal by Lawson Crouse - VANCOUVER : 2 - DALLAS : 7.
19:33 of 3rd period - Tyler Seguin wins face-off versus Auston Matthews in neutral zone.
Goals for this period are 1 for VANCOUVER vs 2 for DALLAS.
Shots for this period are 7 for VANCOUVER vs 8 for DALLAS.